 Dungeon Crawl Stone Soup version 0.26.1-11-gd32895ea62 (webtiles) character file.

Game seed: 8517454683651494394

41 barney the Changer (level 3, -7/28 HPs)
             Began as a Draconian Transmuter on Sept 26, 2021.
             Killed from afar by a white imp (9 damage)
             ... with a puff of frost
             ... on level 2 of the Dungeon.
             The game lasted 00:02:20 (1288 turns).

barney the Changer (Draconian Transmuter)           Turns: 1288, Time: 00:02:21

Health: -7/28      AC:  5    Str: 12    XL:     3   Next: 32%
Magic:  6/6        EV: 12    Int: 14    God:
Gold:   86         SH:  0    Dex: 11    Spells: 2/6 levels left

rFire    . . .     SeeInvis .     - Unarmed
rCold    . . .     Faith    .   (no shield)
rNeg     . . .     Spirit   .   (armour unavailable)
rPois    .         Reflect  .   (helmet restricted)
rElec    .         Harm     .   (no cloak)
rCorr    .         Rampage  .   (no gloves)
Will     .....                  (no boots)
Stlth    +.........             (no amulet)
HPRegen  0.09/turn              (no ring)
MPRegen  0.10/turn              (no ring)

@: no status effects
A: unfitting armour, cold-blooded, AC +5
a: no special abilities


You were on level 2 of the Dungeon.
You visited 1 branch of the dungeon, and saw 2 of its levels.

You collected 86 gold pieces.

Inventory:

Scrolls
 a - 3 scrolls of identify {unknown}
 b - a scroll of immolation {unknown}
 d - 2 scrolls of blinking {unknown}
 e - a scroll of fog {unknown}
Potions
 c - a potion of lignification {unknown}
 f - 2 potions of heal wounds {unknown}
 g - 2 potions of haste {unknown}


   Skills:
 - Level 1.1 Fighting
 - Level 1.7 Dodging
 - Level 3.0 Unarmed Combat
 - Level 2.0 Spellcasting
 * Level 3.8 Transmutations


You had 2 spell levels left.
You knew the following spells:

 Your Spells              Type           Power        Failure   Level
a - Beastly Appendage     Tmut           24%          4%          1
b - Spider Form           Tmut/Pois      3%           32%         3

Your spell library contained the following spells:

 Spells                   Type           Power        Failure   Level
 Wereblood                Tmut           12%          8%          2
 Ice Form                 Ice/Tmut       6%           71%         4
 Blade Hands              Tmut           6%           80%         5


Dungeon Overview and Level Annotations

Branches:
Dungeon (2/15)

Altars:


Innate Abilities, Weirdness & Mutations

Your plain brown scales are hard. (AC +5)
You cannot fit into any form of body armour.
You are cold-blooded and may be slowed by cold attacks.


Message History

The kobold shouts!
You hit the white imp but do no damage.
The white imp is severely wounded.
You feel yourself speed up. The white imp completely misses you.
The rat barely misses you.
There are monsters nearby!
You hit the white imp but do no damage.
The white imp is severely wounded.
The white imp gestures at you. The puff of frost hits you.
The rat bites you but does no damage. The hobgoblin hits you.
There are monsters nearby!
You are too injured to fight recklessly!
The hobgoblin hits you but does no damage.
The white imp gestures at you. The puff of frost hits you!
* * * LOW HITPOINT WARNING * * *
The white imp gestures at you. The puff of frost hits you!
You die...

#.......#.#
#.......#.#
#....####.#
#....# #.#
#....# #<#
##.### ### # #.#
#. #.# #. #@#
##'##.###
#....rg.#
#...5..K###
#.........#
#..#.#.........
................
........?.......
................


You could see a white imp, a hobgoblin, a kobold and a rat.

Vanquished Creatures
  2 dart slugs (D:1)
  2 leopard geckos (D:1)
  A ball python (D:1)
  2 bats (D:1)
  2 giant cockroaches (D:1)
  6 goblins (D:1)
  3 hobgoblins (D:1)
  4 jackals (D:1)
  2 frilled lizards
  2 kobolds (D:1)
  5 rats (D:1)
31 creatures vanquished.

Notes
Turn   | Place    | Note
-------+----------+-------------------------------------------
     0 | D:1      | barney the Draconian Transmuter began the quest for the
                  | Orb.
     0 | D:1      | Reached XP level 1. HP: 16/16 MP: 3/3
   256 | D:1      | Reached XP level 2. HP: 19/23 MP: 3/5
   802 | D:1      | Reached XP level 3. HP: 27/28 MP: 6/6
   806 | D:1      | Learned a level 3 spell: Spider Form
  1288 | D:2      | Killed from afar by a white imp

Illustrated notes

Levels and vault maps discovered:
D:1:      mushboom_english_gardens, layout_loops_ring
D:2:      layout_basic

Skill      XL: |  1  2 |
---------------+-------+-----
Transmutations | 3 |  3.8
Fighting       | |  1.1
Dodging        | |  1.7
Unarmed Combat | |  3.0
Spellcasting   | |  2.0

Action                   || total
-------------------------++-------
Melee: Unarmed           ||   109
       Tailslap          ||     9
       Headbutt          ||     2
 Cast: Beastly Appendage ||     5
       Spider Form       ||     1
Armor: Skin              ||    29
Dodge: Dodged            ||    61
